TOP OF THE 1ST |
Memphis Blues batting - Pitching for New Hampshire Fisher Cats : RHP Troy Bannon
|
Pitching: RHP Troy Bannon
|
|
Batting: SHB Terry Dailey
|
0-0: Ball 1-0: Ball 2-0: Ball 3-0: Foul Ball, location: 2F 3-1: Base on Balls
|
Batting: RHB Jaime Spiridon
|
0-0: Ball 1-0: Called Strike 1-1: Ball 2-1: Foul Ball, location: 2F 2-2: Ball 3-2: Strikes out looking
|
Batting: RHB Dave Wookey
|
0-0: Called Strike 0-1: Ball 1-1: Swinging Strike 1-2: Ball 2-2: Strikes out looking
|
Batting: RHB Scott Merritt
|
0-0: Called Strike Terry Dailey steals 2nd base 0-1: Ball 1-1: Called Strike 1-2: Strikes out swinging
|
Top of the 1st over - 0 run(s), 0 hit(s), 0 error(s), 1 left on base; Memphis 0 - New Hampshire 0 |
BOTTOM OF THE 1ST |
New Hampshire Fisher Cats batting - Pitching for Memphis Blues : RHP Rafael Ressureio
|
Pitching: RHP Rafael Ressureio
|
|
Batting: RHB Franklin Lawrence
|
0-0: Ball 1-0: Ball 2-0: Foul Ball, location: 2F 2-1: Ground out 4-3 (Groundball, 4)
|
Batting: RHB Michael Kent
|
0-0: Ball 1-0: Swinging Strike 1-1: Called Strike 1-2: Strikes out swinging
|
Batting: RHB Anthony Hezell
|
0-0: Ball 1-0: Foul Ball, location: 2F 1-1: Ball 2-1: Fly out, F3 (Line Drive, 3S)
|
Bottom of the 1st over - 0 run(s), 0 hit(s), 0 error(s), 0 left on base; Memphis 0 - New Hampshire 0 |
TOP OF THE 2ND |
Memphis Blues batting - Pitching for New Hampshire Fisher Cats : RHP Troy Bannon
|
Batting: RHB Ed Starr
|
0-0: Ball 1-0: Ball 2-0: Ball 3-0: Called Strike 3-1: Base on Balls
|
Batting: LHB John Foster
|
0-0: Called Strike 0-1: Called Strike 0-2: Ball 1-2: Fly out, F5 (Popup, 7LSF)
|
Batting: LHB Ricardo García
|
0-0: Foul Ball, location: 2F 0-1: Foul Ball, location: 2F 0-2: Fly out, F9 (Popup, 34D)
|
Batting: SHB Fernando Gutiérrez
|
0-0: Foul Ball, location: 2F 0-1: Ball 1-1: Swinging Strike 1-2: Strikes out swinging
|
Top of the 2nd over - 0 run(s), 0 hit(s), 0 error(s), 1 left on base; Memphis 0 - New Hampshire 0 |
BOTTOM OF THE 2ND |
New Hampshire Fisher Cats batting - Pitching for Memphis Blues : RHP Rafael Ressureio
|
Batting: LHB Cam Flowers
|
0-0: Called Strike 0-1: Swinging Strike 0-2: Foul Ball, location: 2F 0-2: Foul Ball, location: 2F 0-2: Fly out, F9 (Line Drive, 9M)
|
Batting: RHB Felipe Rivas
|
0-0: Ball 1-0: Swinging Strike 1-1: Called Strike 1-2: Foul Ball, location: 2F 1-2: Ground out 3-1 (Groundball, 34S)
|
Batting: RHB Si-xun Li
|
0-0: Foul Ball, location: 2F 0-1: Called Strike 0-2: Ball 1-2: Ball 2-2: SOLO HOME RUN (Flyball, 7D), Distance : 407 ft
|
Batting: RHB Benjamin Lawson
|
0-0: Foul Ball, location: 2F 0-1: Ball 1-1: Foul Ball, location: 2F 1-2: Strikes out swinging
|
Bottom of the 2nd over - 1 run(s), 1 hit(s), 0 error(s), 0 left on base; Memphis 0 - New Hampshire 1 |
TOP OF THE 3RD |
Memphis Blues batting - Pitching for New Hampshire Fisher Cats : RHP Troy Bannon
|
Batting: RHB Ángel Hernández
|
0-0: Called Strike 0-1: Swinging Strike 0-2: Foul Ball, location: 2F 0-2: Ball 1-2: Strikes out looking
|
Batting: SHB Terry Dailey
|
0-0: Called Strike 0-1: Ball 1-1: Swinging Strike 1-2: Strikes out swinging
|
Batting: RHB Jaime Spiridon
|
0-0: Called Strike 0-1: Foul Ball, location: 2F 0-2: DOUBLE (Line Drive, 8RD)
|
Batting: RHB Dave Wookey
|
0-0: Called Strike 0-1: Ground out 5-3 (Groundball, 56S)
|
Top of the 3rd over - 0 run(s), 1 hit(s), 0 error(s), 1 left on base; Memphis 0 - New Hampshire 1 |
BOTTOM OF THE 3RD |
New Hampshire Fisher Cats batting - Pitching for Memphis Blues : RHP Rafael Ressureio
|
Batting: LHB Tony Rivera
|
0-0: Swinging Strike 0-1: Ball 1-1: Swinging Strike 1-2: Strikes out looking
|
Batting: RHB Albert Alemán
|
0-0: Ground out 1-3 (Groundball, 25)
|
Batting: RHB Franklin Lawrence
|
0-0: Ball 1-0: Ball 2-0: Foul Ball, location: 2F 2-1: Ball 3-1: Swinging Strike 3-2: Foul Ball, location: 2F 3-2: Strikes out swinging
|
Bottom of the 3rd over - 0 run(s), 0 hit(s), 0 error(s), 0 left on base; Memphis 0 - New Hampshire 1 |
TOP OF THE 4TH |
Memphis Blues batting - Pitching for New Hampshire Fisher Cats : RHP Troy Bannon
|
Batting: RHB Scott Merritt
|
0-0: Ball 1-0: Fly out, F4 (Popup, 4MD)
|
Batting: RHB Ed Starr
|
0-0: Ball 1-0: Foul Ball, location: 2F 1-1: Ball 2-1: Foul Ball, location: 2F 2-2: Strikes out swinging
|
Batting: LHB John Foster
|
0-0: Ball 1-0: Foul Ball, location: 2F 1-1: Ball 2-1: Foul Ball, location: 2F 2-2: Strikes out swinging
|
Top of the 4th over - 0 run(s), 0 hit(s), 0 error(s), 0 left on base; Memphis 0 - New Hampshire 1 |
BOTTOM OF THE 4TH |
New Hampshire Fisher Cats batting - Pitching for Memphis Blues : RHP Rafael Ressureio
|
Batting: RHB Michael Kent
|
0-0: Foul Ball, location: 2F 0-1: Ball 1-1: Fly out, F2 (Popup, 2RF)
|
Batting: RHB Anthony Hezell
|
0-0: Hit by Pitch
|
Batting: LHB Cam Flowers
|
0-0: Swinging Strike 0-1: Ball 1-1: Ball 2-1: Foul Ball, location: 2F 2-2: Fielders Choice at 2nd, 4-6 (Groundball, 34)
|
Batting: RHB Felipe Rivas
|
0-0: Swinging Strike 0-1: Ball 1-1: Ball 2-1: Ball 3-1: Base on Balls Cam Flowers to second
|
Batting: RHB Si-xun Li
|
0-0: Called Strike 0-1: Called Strike 0-2: Ball 1-2: Ball Wild Pitch! Cam Flowers to third Felipe Rivas to second 2-2: Foul Ball, location: 2F 2-2: Strikes out looking
|
Bottom of the 4th over - 0 run(s), 0 hit(s), 0 error(s), 2 left on base; Memphis 0 - New Hampshire 1 |
TOP OF THE 5TH |
Memphis Blues batting - Pitching for New Hampshire Fisher Cats : RHP Troy Bannon
|
Batting: LHB Ricardo García
|
0-0: Ball 1-0: Foul Ball, location: 2F 1-1: Called Strike 1-2: Foul Ball, location: 2F 1-2: Ball 2-2: Strikes out swinging
|
Batting: SHB Fernando Gutiérrez
|
0-0: Called Strike 0-1: Fly out, F9 (Flyball, 9LM)
|
Batting: RHB Ángel Hernández
|
0-0: Ball 1-0: Ground out 5-3 (Groundball, 5)
|
Top of the 5th over - 0 run(s), 0 hit(s), 0 error(s), 0 left on base; Memphis 0 - New Hampshire 1 |
BOTTOM OF THE 5TH |
New Hampshire Fisher Cats batting - Pitching for Memphis Blues : RHP Rafael Ressureio
|
Batting: RHB Benjamin Lawson
|
0-0: Ball 1-0: SINGLE (Popup, 3D)
|
Batting: LHB Tony Rivera
|
0-0: Called Strike 0-1: Ball 1-1: Called Strike 1-2: Strikes out looking
|
Batting: RHB Albert Alemán
|
0-0: SINGLE (Groundball, 6MD) Benjamin Lawson to second
|
Batting: RHB Franklin Lawrence
|
0-0: Called Strike 0-1: Ball 1-1: Foul Ball, location: 2F 1-2: SINGLE (Flyball, 7S) Benjamin Lawson to third Albert Alemán to second Runner from 3rd tries for Home, SAFE, no throw or cutoff
|
Batting: RHB Michael Kent
|
0-0: Grounds into double play, 6-4-3 (Groundball, 6)
|
Bottom of the 5th over - 1 run(s), 3 hit(s), 0 error(s), 1 left on base; Memphis 0 - New Hampshire 2 |
TOP OF THE 6TH |
Memphis Blues batting - Pitching for New Hampshire Fisher Cats : RHP Troy Bannon
|
Batting: SHB Terry Dailey
|
0-0: Called Strike 0-1: Ball 1-1: Foul Ball, location: 2F 1-2: Strikes out swinging
|
Batting: RHB Jaime Spiridon
|
0-0: Ball 1-0: Called Strike 1-1: Called Strike 1-2: Fly out, F6 (Line Drive, 6)
|
Batting: RHB Dave Wookey
|
0-0: Called Strike 0-1: Foul Ball, location: 2F 0-2: Ball 1-2: Ball 2-2: Ball 3-2: Fly out, F9 (Flyball, 9S)
|
Top of the 6th over - 0 run(s), 0 hit(s), 0 error(s), 0 left on base; Memphis 0 - New Hampshire 2 |
BOTTOM OF THE 6TH |
New Hampshire Fisher Cats batting - Pitching for Memphis Blues : RHP Rafael Ressureio
|
Batting: RHB Anthony Hezell
|
0-0: Called Strike 0-1: Ground out 4-3 (Groundball, 4S)
|
Batting: LHB Cam Flowers
|
0-0: Swinging Strike 0-1: Ball 1-1: Ball 2-1: Ball 3-1: Foul Ball, location: 2F 3-2: Base on Balls
|
Batting: RHB Felipe Rivas
|
0-0: Swinging Strike 0-1: Grounds into double play, 4-6-3 (Groundball, 34)
|
Bottom of the 6th over - 0 run(s), 0 hit(s), 0 error(s), 0 left on base; Memphis 0 - New Hampshire 2 |
TOP OF THE 7TH |
Memphis Blues batting - Pitching for New Hampshire Fisher Cats : RHP Troy Bannon
|
Batting: RHB Scott Merritt
|
0-0: Called Strike 0-1: Ball 1-1: Swinging Strike 1-2: Fly out, F9 (Flyball, 9M)
|
Batting: RHB Ed Starr
|
0-0: Called Strike 0-1: Ball 1-1: Foul Ball, location: 2F 1-2: Ball 2-2: DOUBLE (Line Drive, 7LS)
|
Pitching: LHP David Richardson
|
|
Batting: LHB John Foster
|
0-0: Ball 1-0: Ball 2-0: Ball 3-0: Called Strike 3-1: Called Strike 3-2: Strikes out swinging
|
Batting: LHB Ricardo García
|
0-0: Ball 1-0: Swinging Strike 1-1: Ball 2-1: SINGLE (Line Drive, 9LM) Ed Starr to third Runner from 3rd tries for Home, SAFE, no throw or cutoff
|
Pinch Hitting: RHB Glenn Johnson
|
0-0: Ball 1-0: Ball 2-0: Called Strike 2-1: Foul Ball, location: 2F 2-2: Strikes out swinging
|
Top of the 7th over - 1 run(s), 2 hit(s), 0 error(s), 1 left on base; Memphis 1 - New Hampshire 2 |
BOTTOM OF THE 7TH |
New Hampshire Fisher Cats batting - Pitching for Memphis Blues : RHP Rafael Ressureio
|
Now at 2B: Glenn Johnson
|
|
Batting: RHB Si-xun Li
|
0-0: Called Strike 0-1: Swinging Strike 0-2: SINGLE (Groundball, 56D) (infield hit)
|
Batting: RHB Benjamin Lawson
|
0-0: Ball 1-0: Ball 2-0: Called Strike 2-1: Swinging Strike 2-2: Foul Ball, location: 2F 2-2: Ball 3-2: Base on Balls Si-xun Li to second
|
Pitching: LHP Mario Galván
|
|
Batting: LHB Tony Rivera
|
0-0: Foul Ball, location: 2F 0-1: Ball 1-1: Fielders Choice at 2nd, 4-6 (Groundball, 34) Si-xun Li to third
|
Batting: RHB Albert Alemán
|
0-0: Ball 1-0: Called Strike 1-1: Ball 2-1: Foul Ball, location: 2F 2-2: Strikes out swinging
|
Batting: RHB Franklin Lawrence
|
0-0: Ball 1-0: Ball 2-0: Ball 3-0: Called Strike 3-1: Foul Ball, location: 2F 3-2: Foul Ball, location: 2F 3-2: Foul Ball, location: 2F 3-2: Fly out, F4 (Popup, 34D)
|
Bottom of the 7th over - 0 run(s), 1 hit(s), 0 error(s), 2 left on base; Memphis 1 - New Hampshire 2 |
TOP OF THE 8TH |
Memphis Blues batting - Pitching for New Hampshire Fisher Cats : LHP David Richardson
|
Pitching: RHP Vaughan Gillespie
|
|
Now at C: Tim Robertson
|
|
Batting: RHB Ángel Hernández
|
0-0: Swinging Strike 0-1: Ball 1-1: Foul Ball, location: 2F 1-2: Strikes out looking
|
Batting: SHB Terry Dailey
|
0-0: Called Strike 0-1: Ball 1-1: Ball 2-1: Ground out 4-3 (Groundball, 4M)
|
Batting: RHB Jaime Spiridon
|
0-0: Swinging Strike 0-1: Ball 1-1: SINGLE (Line Drive, 6D)
|
Batting: RHB Dave Wookey
|
0-0: Called Strike 0-1: Ball 1-1: Foul Ball, location: 2F 1-2: Foul Ball, location: 2F 1-2: Ball 2-2: Foul Ball, location: 2F 2-2: Foul Ball, location: 2F 2-2: Strikes out swinging
|
Top of the 8th over - 0 run(s), 1 hit(s), 0 error(s), 1 left on base; Memphis 1 - New Hampshire 2 |
BOTTOM OF THE 8TH |
New Hampshire Fisher Cats batting - Pitching for Memphis Blues : LHP Mario Galván
|
Batting: RHB Michael Kent
|
0-0: Called Strike 0-1: Ball 1-1: Swinging Strike 1-2: Strikes out swinging
|
Batting: RHB Anthony Hezell
|
0-0: Ground out 4-3 (Groundball, 34)
|
Batting: LHB Cam Flowers
|
0-0: Ground out 6-3 (Groundball, 6M)
|
Bottom of the 8th over - 0 run(s), 0 hit(s), 0 error(s), 0 left on base; Memphis 1 - New Hampshire 2 |
TOP OF THE 9TH |
Memphis Blues batting - Pitching for New Hampshire Fisher Cats : RHP Vaughan Gillespie
|
Pitching: RHP Grady Connolly
|
|
Batting: RHB Scott Merritt
|
0-0: Ball 1-0: Called Strike 1-1: Foul Ball, location: 2F 1-2: Foul Ball, location: 2F 1-2: Ball 2-2: Foul Ball, location: 2F 2-2: Strikes out swinging
|
Batting: RHB Ed Starr
|
0-0: Called Strike 0-1: Called Strike 0-2: Ball 1-2: Foul Ball, location: 2F 1-2: Ball 2-2: Ball 3-2: Base on Balls
|
Pinch Runner at 1st Mark Folger:
|
|
Batting: LHB John Foster
|
0-0: Ball 1-0: Ball 2-0: Foul Ball, location: 2F 2-1: Called Strike 2-2: Strikes out looking
|
Batting: LHB Ricardo García
|
0-0: Ball 1-0: Foul Ball, location: 2F 1-1: Foul Ball, location: 2F 1-2: Ball 2-2: Strikes out swinging
|
Top of the 9th over - 0 run(s), 0 hit(s), 0 error(s), 1 left on base; Memphis 1 - New Hampshire 2 |
|